 Dungeon Crawl Stone Soup version 0.22.1-1-ga44c0e56f4 (webtiles) character file.

121 grish99 the Conjurer (level 4, -3/24 HPs)
             Began as a Deep Elf Conjurer on Sept 23, 2018.
             Slain by a gnoll
             ... wielding a +0 spear
              (5 damage)
             ... on level 3 of the Dungeon.
             The game lasted 00:15:08 (2278 turns).

grish99 the Conjurer (Deep Elf Conjurer)            Turns: 2278, Time: 00:15:08

Health: -3/24      AC:  3    Str:  5    XL:     4   Next: 77%
Magic:  3/12       EV: 14    Int: 23    God:
Gold:   120        SH:  0    Dex: 15    Spells: 5/12 levels left

rFire    . . .     SeeInvis .   l - +1 dagger (protect)
rCold    . . .     Gourm    .   (no shield)
rNeg     . . .     Faith    .   a - +1 robe
rPois    .         Spirit   .   (no helmet)
rElec    .         Reflect  .   (no cloak)
rCorr    .         Harm     .   (no gloves)
MR       +....                  (no boots)
Stlth    ++........             (no amulet)
HPRegen  0.08/turn              (no ring)
MPRegen  0.13/turn              (no ring)

@: no status effects
A: hooves 1, clever 1, magic resistance 1
a: no special abilities


You were on level 3 of the Dungeon.
You were hungry.

You visited 1 branch of the dungeon, and saw 3 of its levels.

You collected 120 gold pieces.

Inventory:

Hand Weapons
 g - a +0 whip
 l - a +1 dagger of protection (weapon)
Armour
 a - a +1 robe (worn)
Jewellery
 h - a cursed ring of attention
 k - an uncursed ring of flight
Scrolls
 e - 2 scrolls of remove curse
 f - 2 scrolls of identify
Potions
 j - a potion of curing
Comestibles
 c - 3 rations


   Skills:
 + Level 3.9 Dodging
 + Level 2.8 Stealth
 + Level 4.5 Spellcasting
 + Level 5.3 Conjurations


You had 5 spell levels left.
You knew the following spells:

 Your Spells              Type           Power        Failure   Level  Hunger
a - Magic Dart            Conj           ####         1%          1    None
b - Searing Ray           Conj           ####..       1%          2    None
c - Iskenderun's Mystic   Conj           ####....     11%         4    ####...

Your spell library contained the following spells:

 Spells                   Type           Power        Failure   Level  Hunger
 Dazzling Spray           Conj/Hex       ###...       10%         3    ##.....
 Force Lance              Conj/Tloc      ###.....     32%         4    ####...
 Fulminant Prism          Conj/Hex       ###.......   32%         4    ####...


Dungeon Overview and Level Annotations

Branches:
Dungeon (3/15)

Altars:
Gozag
Ru
Trog

Annotations:
D:2 Robin


Innate Abilities, Weirdness & Mutations

You have large cloven feet.
Your mind is acute. (Int +2)
You are resistant to hostile enchantments. (MR+)


Message History

The gnoll is almost dead.
The gnoll barely misses you. The gnoll closely misses you.
The gnoll closely misses you. The gnoll misses you.
The gnoll closely misses you.
You see here a chain mail.
The gnoll hits you.
A gnoll comes into view.
The gnoll misses you. The gnoll barely misses you.
The gnoll hits you from afar with a spear.
The gnoll shouts!
The gnoll barely misses you.
The gnoll hits you from afar with a spear!
* * * LOW HITPOINT WARNING * * *
The gnoll misses you.
You see here a club.
You closely miss the gnoll. You kick the gnoll.
The gnoll is lightly wounded.
The gnoll barely misses you. The gnoll closely misses you.
The gnoll hits you from afar with a spear.
You die...

.###.#####.......###....##.#.....
.# #######.#.#...###....##.#.####
####8##.......g.................'
.##...####.#.#<..###....##.#.##.#
.'...._#...#.#)#.###....##.#.##.#
.##...######g#.............#.##.#
..##8## #.#รท#.######..###.##..
'###########.#.#g...# ##.........
........g....#.#@.#.# #..##.##..
......#########.gg..#####.##.##..
......# #...g.......# ...
......#### #...........#
.........# #...........#
...#.....# #...........#
...#.....###...........#
...##.........[........#
...##########..........#


You could see 4 gnolls.

Vanquished Creatures
  A hound skeleton (D:2)
  3 adders
  A worm (D:3)
  A dart slug (D:1)
  4 leopard geckos (D:1)
  3 orcs (D:3)
  3 ball pythons (D:2)
  3 bats
  3 giant cockroaches
  12 goblins
  10 hobgoblins
  4 jackals (D:2)
  2 quokkas
  8 frilled lizards
  3 kobolds
  2 rats
63 creatures vanquished.

Notes
Turn   | Place    | Note
-------+----------+-------------------------------------------
     0 | D:1      | grish99 the Deep Elf Conjurer began the quest for the Orb.
     0 | D:1      | Reached XP level 1. HP: 10/10 MP: 6/6
   178 | D:1      | Reached XP level 2. HP: 15/15 MP: 6/8
   289 | D:1      | Learned a level 2 spell: Searing Ray
   684 | D:2      | Found an opulent altar of Gozag.
   822 | D:2      | Reached XP level 3. HP: 19/19 MP: 7/10
   991 | D:2      | Gained mutation: Your mind is acute. (Int +2) [potion of
                  | mutation]
   991 | D:2      | Gained mutation: You are resistant to hostile enchantments.
                  | (MR+) [potion of mutation]
   991 | D:2      | Gained mutation: You have large cloven feet. [potion of
                  | mutation]
  1296 | D:2      | Reached skill level 5 in Conjurations
  1306 | D:2      | Noticed Robin
  1525 | D:2      | Reached XP level 4. HP: 24/24 MP: 6/12
  1975 | D:3      | Learned a level 4 spell: Iskenderun's Mystic Blast
  2020 | D:3      | Found a bloodstained altar of Trog.
  2021 | D:3      | Found a sacrificial altar of Ru.
  2038 | D:3      | Became a worshipper of Ru the Awakened
  2143 | D:3      | Fell from the grace of Ru
  2278 | D:3      | Slain by a gnoll

Skill      XL: |  1  2  3 |
---------------+----------+-----
Dodging        | 3 |  3.9
Spellcasting   | 4 |  4.5
Conjurations   | 5 |  5.3
Stealth        | |  2.8

Action                   |  1- 3 |  4- 6 || total
-------------------------+-------+-------++-------
Melee: Whip              |     7 |       ||     7
       Kick              |     1 |     5 ||     6
       Dagger            |       |    16 ||    16
 Cast: Magic Dart        |    66 |    20 ||    86
       Searing Ray       |     3 |     6 ||     9
       Iskenderun's Myst |       |     1 ||     1
Invok: Renounce Religion |       |     1 ||     1
  Use: Scroll            |     4 |     2 ||     6
       Potion            |     1 |     4 ||     5
  Eat: Ration            |     1 |       ||     1
Armor: Robe              |       |     3 ||     3
Dodge: Dodged            |    10 |    37 ||    47
